 Dungeon Crawl Stone Soup version 0.25-a0-860-gf695395b5c (webtiles) character file.

Game seed: 9474736672761021066, levelgen mode: classic

4676 EnegeticOcto the Cleaver (level 10, -5/96 HPs)
             Began as a Deep Dwarf Fighter on Apr 28, 2020.
             Was a Believer of Makhleb.
             Slain by a bone dragon (11 damage)
             ... summoned by a shadow demon
             ... on level 3 of the Abyss.
             The game lasted 00:05:51 (6187 turns).

EnegeticOcto the Cleaver (Deep Dwarf Fighter)       Turns: 6187, Time: 00:05:51

Health: -5/96      AC: 21    Str: 19    XL:     10   Next: 21%
Magic:  1/7        EV:  6    Int:  9    God:    Makhleb [**....]
Gold:   457        SH: 10    Dex: 12    Spells: 9/9 levels left

rFire    . . .     SeeInvis .   u - +5 hand axe (vorpal)
rCold    + . .     Gourm    .   c - +0 kite shield
rNeg     . . .     Faith    .   v - +4 chain mail of the Evil One {rElec Regen+ Str-4}
rPois    .         Spirit   .   l - +0 helmet
rElec    +         Reflect  .   o - +1 cloak
rCorr    .         Harm     .   (no gloves)
MR       +....                  r - +2 pair of boots
Stlth    ..........             (no amulet)
HPRegen  0.00/turn              (no ring)
MPRegen  0.10/turn              D - ring of protection from cold

@: lethally poisoned (-5 -> -5), non-regenerating
A: damage resistance, heal wounds, sense surroundings 2, no regeneration
a: Heal Wounds, Minor Destruction, Renounce Religion


You were on level 3 of the Abyss.
You worshipped Makhleb.
Makhleb was pleased with you.
You were hungry.

You visited 2 branches of the dungeon, and saw 10 of its levels.
You visited the Abyss 1 time.

You collected 457 gold pieces.

Inventory:

Hand Weapons
 u - a +5 vorpal hand axe (weapon)
Armour
 c - a +0 kite shield (worn)
 l - a +0 helmet (worn)
 o - a +1 cloak (worn)
 r - a +2 pair of boots (worn)
 v - the +4 chain mail of the Evil One (worn) {rElec Regen+ Str-4}
   (You found it on level 5 of the Dungeon)

   It affects your strength (-4).
   It insulates you from electricity.
   It increases your rate of regeneration.
Jewellery
 x - the amulet "Onotecw" {RegenMP *Drain MR+++ Int+9 Dex-4, unknown}
   (You found it on level 3 of the Abyss)

   [amulet of magic regeneration]

   It increases your magic regeneration.
   It affects your intelligence (+9).
   It affects your dexterity (-4).
   It affects your resistance to hostile enchantments.
   It causes draining when unequipped.
 D - a ring of protection from cold (right hand)
Wands
 d - a wand of flame (16) {@v3}
 h - a wand of polymorph (3)
 i - a wand of iceblast (7)
 y - a wand of scattershot (8)
 C - a wand of digging (2) {@v2}
Scrolls
 f - a scroll of remove curse {@r6}
 g - a scroll of fog
 n - 2 scrolls of teleportation {@r2}
 q - a scroll of enchant weapon
 s - a scroll of blinking {@r3}
 w - 2 scrolls of enchant armour
Potions
 a - a potion of haste {unknown}
 j - a potion of heal wounds {@q2}
 k - a potion of might {@q3}
 m - a potion of invisibility
 p - a potion of magic {unknown}
 t - a potion of curing {unknown}
 z - 2 potions of resistance {unknown}
 A - a potion of cancellation
 B - a potion of ambrosia
Comestibles
 b - 2 chunks of flesh
 e - 17 rations


   Skills:
 * Level 7.9 Fighting
 * Level 9.1 Axes
 + Level 7.0 Armour
 + Level 7.0 Shields
 * Level 7.2 Invocations


You had 9 spell levels left.
You didn't know any spells.
Your spell library was empty.

Dungeon Overview and Level Annotations

Branches:
Dungeon (9/15)             Temple (1/1) D:4
   Lair: D:8-11         Orc: D:9-12

Altars:
Ashenzari
Dithmenos
Elyvilon
Fedhas
Gozag
Hepliaklqana
Kikubaaqudgha
Makhleb
Nemelex Xobeh
Okawaru
Qazlal
Ru
Sif Muna
Trog
Uskayaw
Vehumet
Wu Jian
Xom
Yredelemnul
Zin
The Shining One
Beogh

Shops:
D:5 %   D:7 }

Annotations:
D:5 2 transporters, DrMuscles's ghost, novice FoFi
D:9 Prince Ribbit


Innate Abilities, Weirdness & Mutations

You are resistant to damage.
You can heal yourself by infusing magical energy.
You passively map the area around you.
You do not regenerate.


Message History

You block the ice beast's attack. You block the orange demon's attack.
You block the bone dragon's attack.
The bone dragon claws you but does no damage.
The bone dragon completely misses you.
The deep elf mage gestures wildly while chanting.
The deep elf mage blinks!
The shadow demon gestures.
Your shield and chain mail of the Evil One prevent you from hitting the ice beast.
The ice beast is moderately wounded.
You barely miss the shadow demon.
You hit the bone dragon but do no damage.
You hit the shadow demon but do no damage.
You slash the sun demon!
The shadow demon gestures.
The ice beast hits you but does no damage.
The insubstantial wisp blinks!
The sun demon hits you but does no damage.
The bone dragon bites you.
The bone dragon claws you but does no damage.
The bone dragon tramples you but does no damage.
The orange demon stings you but does no damage.
The shadow demon hits you. You block the orange demon's attack.
Your magical essence is drained by the effort!
You feel much better.
The shadow demon gestures.
The ice beast barely misses you. The sun demon hits you.
You are engulfed in flames!!
The bone dragon bites you but does no damage.
The bone dragon claws you!
* * * LOW HITPOINT WARNING * * *
The bone dragon tramples you but does no damage.
You block the orange demon's attack.
The insubstantial wisp blinks!
The shadow demon hits you but does no damage.
The orange demon stings you but does no damage.
You hit the ice beast.
The ice beast is moderately wounded.
You hit the shadow demon. You hit the bone dragon.
You hit the shadow demon but do no damage.
You closely miss the sun demon.
The shadow demon hits you but does no damage.
The ice beast hits you but does no damage.
The sun demon hits you but does no damage.
The kobold demonologist gestures wildly while chanting.
The orange demon stings you but does no damage.
The bone dragon bites you.
* * * LOW HITPOINT WARNING * * *
You block the bone dragon's attack. The bone dragon tramples you.
You hold your ground!
You fail to use your ability.
You block the shadow demon's attack.
The orange demon stings you but does no damage.
The ynoxinul gestures.
The sun demon closely misses you.
The shadow demon hits you but does no damage.
You block the ice beast's attack.
The kobold demonologist miscasts a cantrip.
The bone dragon bites you.
The bone dragon claws you but does no damage.
You block the bone dragon's attack.
The orange demon stings you but does no damage.
Your magical essence is drained by the effort!
You feel much better. The shadow demon barely misses you.
The orange demon stings you but does no damage.
The sun demon hits you!!
You are engulfed in flames!!
* * * LOW HITPOINT WARNING * * *
The ynoxinul gestures.
The shadow demon gestures.
The ice beast hits you but does no damage.
The orange demon stings you from afar!
* * * LOW HITPOINT WARNING * * *
The bone dragon bites you but does no damage.
You block the bone dragon's attack.
The bone dragon tramples you but does no damage.
The deep elf mage mumbles some strange words.
The deep elf mage blinks!
You hear a chilling moan.
You feel much better. The sun demon hits you.
You are engulfed in flames!!
* * * LOW HITPOINT WARNING * * *
The shadow demon hits you!
* * * LOW HITPOINT WARNING * * *
The orange demon stings you but does no damage.
The ynoxinul gestures.
You block the shadow demon's attack. You block the ice beast's attack.
The sun demon hits you.
You are engulfed in flames!
* * * LOW HITPOINT WARNING * * *
You block the orange demon's attack.
The bone dragon bites you but does no damage.
The bone dragon claws you but does no damage.
The bone dragon tramples you but does no damage.
You hear a chilling moan.
You hit the bone dragon but do no damage.
Your chain mail of the Evil One prevents you from hitting the shadow demon.
You hit the sun demon but do no damage. You hit the ice beast.
You hit the shadow demon.
The soul eater disappears in a puff of smoke!
The orange demon disappears in a puff of smoke!
The shadow demon gestures.
You block the orange demon's attack. The shadow demon hits you.
You block the ice beast's attack. You block the sun demon's attack.
The orange demon stings you but does no damage.
The bone dragon bites you!
You die...

#### ### %.
.)g # ..#.v ..
## ## 8e####
.##...#...#55#
##. .
..#.v.#34# .
.. ..'4Kv#v4#
# #.#.
.ยง43e4Y2# #
....44$.#3@#
#. ...#.Ke#2D#
#...... #ZX# #
. # o8.#### .
..# .. . $ .##
.. .$. # # ##
# ## . .


You could see a bone dragon, 2 sun demons, 2 shadow demons, 2 orange demons, a
large abomination, a deep elf mage, a kobold demonologist, a ynoxinul, 3 red
devils, an ice beast, 3 insubstantial wisps, 2 ufetubi and a quicksilver dragon
zombie.

Vanquished Creatures
  A deep elf demonologist (Abyss:3)
  Erica (D:8)
  Sigmund (D:2)
  4 orc warriors (D:8)
  2 ice beasts (D:6)
  2 phantoms
  5 sky beasts
  A boggart (Abyss:3)
  2 ogres
  3 centaurs
  Blork the orc (D:5)
  6 bullfrogs
  A water moccasin zombie (D:8)
  3 scorpions
  6 killer bees (D:8)
  A centaur zombie (D:6)
  2 hounds
  A jelly (D:5)
  3 orc priests
  7 orc wizards
  Natasha (thrice) (D:3)
  3 iguanas
  5 worker ants
  A hound skeleton (D:5)
  Robin (D:3)
  4 gnolls (D:3)
  10 adders
  2 oozes
  2 adder zombies
  An adder skeleton (D:6)
  3 worms
  3 dart slugs
  6 leopard geckos
  31 orcs
  A ball python (D:1)
  3 giant cockroaches
  14 hobgoblins
  15 jackals
  11 kobolds
  2 quokkas
  6 bats
  8 frilled lizards
  11 goblins
  A jackal skeleton (D:5)
  A quokka skeleton (D:5)
  6 rats
207 creatures vanquished.

Vanquished Creatures (others)
  A sky beast (D:8)
  6 plants (D:5)
7 creatures vanquished.

Grand Total: 214 creatures vanquished

Notes
Turn   | Place    | Note
-------+----------+-------------------------------------------
     0 | D:1      | EnegeticOcto the Deep Dwarf Fighter began the quest for the
                  | Orb.
     0 | D:1      | Reached XP level 1. HP: 20/20 MP: 1/1
    56 | D:1      | Reached XP level 2. HP: 22/27 MP: 2/2
   440 | D:3      | Reached skill level 3 in Axes
   440 | D:3      | Reached XP level 3. HP: 31/34 MP: 2/2
   628 | D:3      | Reached XP level 4. HP: 25/42 MP: 3/3
   712 | D:3      | Noticed Natasha
   721 | D:3      | Killed Natasha
   723 | D:3      | Noticed Natasha
   725 | D:3      | Found a white marble altar of Elyvilon.
   729 | D:3      | Killed Natasha
   729 | D:3      | Reached XP level 5. HP: 40/50 MP: 4/4
   743 | D:3      | Noticed Robin
   750 | D:3      | Noticed Natasha
   753 | D:3      | Killed Robin
   754 | D:3      | Reached skill level 4 in Axes
   757 | D:3      | Killed Natasha
  1160 | D:4      | Found a shattered altar of Ashenzari.
  1161 | D:4      | Found a glowing golden altar of the Shining One.
  1161 | D:4      | Found an ornate altar of the Wu Jian Council.
  1245 | D:4      | Reached XP level 6. HP: 42/57 MP: 5/5
  1399 | D:4      | Found a staircase to the Ecumenical Temple.
  1411 | D:4      | Reached skill level 5 in Axes
  1416 | Temple   | Entered the Ecumenical Temple
  1501 | D:4      | Reached XP level 7. HP: 39/66 MP: 5/5
  1693 | D:4      | Found a shimmering blue altar of Sif Muna.
  1870 | D:4      | Reached skill level 5 in Fighting
  2198 | D:2      | Noticed Sigmund
  2209 | D:2      | Killed Sigmund
  2209 | D:2      | Reached skill level 5 in Armour
  2209 | D:2      | Reached skill level 5 in Shields
  2694 | D:1      | Reached skill level 6 in Axes
  3176 | D:5      | Entered Level 5 of the Dungeon
  3208 | D:5      | Reached XP level 8. HP: 67/75 MP: 6/6
  3270 | D:5      | Found a stormy altar of Qazlal.
  3320 | D:5      | Identified the +7 scale mail of Qagg {rElec Int-3 SInv}
  3329 | D:5      | Noticed DrMuscles's ghost (novice FoFi)
  3337 | D:5      | Identified the ring "Emuerphe" {*Drain rF+ rN+ Str+4
                  | Slay+3}
  3387 | D:5      | Found Valokhleod's Food Boutique.
  3456 | D:5      | Noticed Blork the orc
  3466 | D:5      | Killed Blork the orc
  3544 | D:5      | Found an iron altar of Okawaru.
  3544 | D:5      | Found a burning altar of Makhleb.
  3549 | D:5      | Found a shadowy altar of Dithmenos.
  3551 | D:5      | Found an opulent altar of Gozag.
  3553 | D:5      | Found a hide-covered altar of Uskayaw.
  3564 | D:5      | Became a worshipper of Makhleb the Destroyer
  3603 | D:5      | Found a transporter.
  3604 | D:5      | Found a transporter.
  3616 | D:5      | Got a twisted chain mail
  3627 | D:5      | Identified the +4 chain mail of the Evil One {rElec Regen+
                  | Str-4} (You found it on level 5 of the Dungeon)
  3774 | D:6      | Reached skill level 1 in Invocations
  4045 | D:6      | Reached skill level 7 in Axes
  4288 | D:6      | Gained mutation: You passively map the area around you.
                  | [Deep Dwarf growth]
  4288 | D:6      | Reached XP level 9. HP: 53/85 MP: 9/9
  4416 | D:6      | Found an ancient bone altar of Kikubaaqudgha.
  4703 | D:7      | Found Leugge's Gadget Shop.
  4869 | D:7      | Reached * piety under Makhleb
  5056 | D:7      | Reached skill level 8 in Axes
  5158 | D:7      | Reached skill level 5 in Invocations
  5318 | D:8      | Found a roughly hewn altar of Beogh.
  5407 | D:8      | Reached ** piety under Makhleb
  5536 | D:8      | Noticed Erica
  5592 | D:8      | Killed Erica
  5592 | D:8      | Reached XP level 10. HP: 60/96 MP: 9/11
  5639 | D:8      | Reached skill level 9 in Axes
  5734 | D:8      | Found a sparkling altar of Nemelex Xobeh.
  5736 | D:8      | Found a shimmering blue altar of Sif Muna.
  5736 | D:8      | Found a shattered altar of Ashenzari.
  5738 | D:8      | Found a radiant altar of Vehumet.
  5738 | D:8      | Found a shimmering blue altar of Sif Muna.
  5738 | D:8      | Found a shimmering altar of Xom.
  6063 | D:9      | Found a bloodstained altar of Trog.
  6081 | D:9      | Noticed a wizard
  6096 | D:9      | Noticed Prince Ribbit
  6101 | D:9      | Cast into level 2 of the Abyss (a wizard)
  6134 | Abyss:3  | Noticed a cacodemon
  6154 | Abyss:3  | Found a shimmering blue altar of Sif Muna.
  6154 | Abyss:3  | Noticed a deep elf mage
  6156 | Abyss:3  | Noticed a deep elf mage
  6157 | Abyss:3  | Noticed an orc high priest
  6157 | Abyss:3  | Noticed an orc high priest
  6159 | Abyss:3  | Noticed a deep elf demonologist
  6160 | Abyss:3  | Noticed a shadow demon
  6160 | Abyss:3  | Noticed a shadow demon
  6161 | Abyss:3  | Noticed a soul eater
  6163 | Abyss:3  | Noticed a Brimstone Fiend
  6163 | Abyss:3  | Got a sparkling golden amulet
  6164 | Abyss:3  | Noticed a smoke demon
  6164 | Abyss:3  | Noticed a worldbinder
  6165 | Abyss:3  | Noticed an orange demon
  6166 | Abyss:3  | Noticed a reaper
  6166 | Abyss:3  | Noticed a bone dragon
  6166 | Abyss:3  | Noticed an orange demon
  6167 | Abyss:3  | Noticed a sun demon
  6173 | Abyss:3  | Noticed a sun demon
  6177 | Abyss:3  | Killed a deep elf demonologist
  6180 | Abyss:3  | Noticed an orange demon
  6187 | Abyss:3  | Slain by a bone dragon

Levels and vault maps discovered:
D:1:      erik_arrival_orb_chamber, layout_loops_ring
D:2:      layout_basic, uniq_sigmund
D:3:      layout_rooms, elyvilon_altar_5, uniq_robin, uniq_natasha
D:4:      layout_cave_pods, marbit_many_paths, nicolae_overflow_hidden_temple,
          minmay_temple_entry_glass, first_ration
D:5:      layout_rooms, chequers_temple_overflow_minitemple, basic_altar,
          gammafunk_ghost_gnarly_gnolls, serial_shops, nicolae_shop_waterfront,
          st_stairs_5, uniq_blork_the_orc
D:6:      layout_basic, lemuel_crystal_altar
D:7:      layout_basic, serial_shops, shop
D:8:      layout_basic, doesnt_xom_only_xom, special_room [special_room_orc],
          uniq_erica
D:9:      cheibrodos_wizards_tower, layout_irregular_city, lemuel_round_altar,
          nicolae_overflow_crystal_walls, due_lair_maze_entry_diamond,
          serial_shops, nicolae_shop_crystal, uniq_prince_ribbit1
Temple:   jpeg_temple_island
Abyss:3:  base: D:8, base: D:2, hangedman_abyss_batty_box,
          evilmike_nicolae_abyss_rune_betentacled_crabyss,
          guppyfry_abyss_exit_imp_island,
          evilmike_nicolae_abyss_rune_betentacled_crabyss,
          evilmike_abyss_exit_mutagenic, hangedman_summoners_spam

Skill      XL: |  1  2  3  4  5  6  7  8  9 10 |
---------------+-------------------------------+-----
Fighting       | 3 4 5 6 7 |  7.9
Axes           | 3 4 5 6 7 8 9 |  9.1
Armour         | 4 5 6 7 |  7.0
Shields        | 4 5 6 7 |  7.0
Invocations    | 3 6 7 |  7.2

Action                   |  1- 3 |  4- 6 |  7- 9 | 10-12 || total
-------------------------+-------+-------+-------+-------++-------
Melee: War axe           |   104 |   134 |   204 |       ||   442
       Hand axe          |       |       |   321 |    54 ||   375
 Abil: Heal Wounds       |     1 |     6 |    12 |    13 ||    32
  Use: Scroll            |       |     6 |       |     6 ||    12
       Potion            |       |       |     2 |       ||     2
  Eat: Chunk             |       |     3 |    13 |     2 ||    18
Armor: Scale mail        |    25 |       |       |       ||    25
       Chain mail        |    12 |       |   185 |    92 ||   289
       Plate armour      |    30 |   139 |   132 |       ||   301
Dodge: Dodged            |    13 |    20 |   103 |    22 ||   158
Block: Kite shield       |    58 |    82 |   282 |    42 ||   464

Table legend:
 A = Non-vault XP
 B = Vault XP
 C = Vault XP percentage of total XP
 D = Non-vault monster count
 E = Vault monster count
 F = Vault count percentage of total count
                 A         B        C        D         E       F
            +---------+---------+-------+---------+---------+-------
      Total |    4092 |    2588 |  38.7 |     163 |      44 |  21.3
            +---------+---------+-------+---------+---------+-------
        D:1 |      67 |       0 |   0.0 |      35 |       0 |   0.0
        D:2 |      56 |     212 |  79.1 |      20 |       1 |   4.8
        D:3 |     175 |      69 |  28.3 |      15 |      12 |  44.4
        D:4 |     706 |       0 |   0.0 |      24 |       0 |   0.0
        D:5 |     407 |     240 |  37.1 |      16 |       4 |  20.0
        D:6 |    1039 |       0 |   0.0 |      18 |       0 |   0.0
        D:7 |     940 |       0 |   0.0 |      19 |       0 |   0.0
        D:8 |     626 |    1557 |  71.3 |      14 |      25 |  64.1
        D:9 |      76 |       0 |   0.0 |       2 |       0 |   0.0
    Abyss:3 |       0 |     510 | 100.0 |       0 |       2 | 100.0
            +---------+---------+-------+---------+---------+-------
